 Dungeon Crawl Stone Soup version 0.29.1-2-gbd0b4ee654 (webtiles) character file.

Game seed: 9259132993066611869

3720 safid the Skirmisher (level 9, -7/85 HPs)
             Began as a Minotaur Hunter on Nov 17, 2022.
             Was an Elder of Okawaru.
             Mangled by a death yak (20 damage)
             ... on level 8 of the Dungeon.
             The game lasted 00:16:29 (5734 turns).

safid the Skirmisher (Minotaur Hunter)              Turns: 5734, Time: 00:16:30

Health: -7/85      AC:  6    Str: 15    XL:     9   Next: 92%
Magic:  11/11      EV: 15    Int:  6    God:    Okawaru [****..]
Gold:   307        SH:  0    Dex: 19    Spells: 8/8 levels left

rFire   . . .      SeeInvis .   I - +0 arbalest
rCold   . . .      Faith    .   (shield currently unavailable)
rNeg    . . .      Spirit   .   v - +0 troll leather armour {Pargi}
rPois   .          Reflect  .   (helmet restricted)
rElec   .          Harm     .   (no cloak)
rCorr   .          Rampage  .   (no gloves)
Will    +....                   F - +0 pair of boots
Stlth   ++........              j - amulet of regeneration
HPRegen 1.84/turn               g - ring of willpower
MPRegen 0.12/turn               B - +4 ring of slaying

@: no status effects
A: horns 2, retaliatory headbutt
a: Renounce Religion, Heroism, Finesse


You were on level 8 of the Dungeon.
You worshipped Okawaru.
Okawaru was greatly pleased with you.
You visited 2 branches of the dungeon, and saw 9 of its levels.
You also visited: Sewer.

You collected 379 gold pieces.
You spent 72 gold pieces at shops.

Inventory:

Hand Weapons
 I - a +0 arbalest (weapon)
Armour
 v - a +0 troll leather armour (worn) {Pargi}
 F - a +0 pair of boots (worn)
Jewellery
 g - a ring of willpower (left hand)
 j - an amulet of regeneration (around neck)
 w - a ring of protection from cold
 B - a +4 ring of slaying (right hand)
Wands
 d - a wand of flame (16)
 y - a wand of digging (4)
 E - a wand of polymorph (10)
Scrolls
 a - a scroll of vulnerability {unknown}
 c - 2 scrolls of enchant weapon
 i - a scroll of fear
 k - a scroll of enchant armour {unknown}
 o - a scroll of blinking {unknown}
 p - 4 scrolls of teleportation
 q - 2 scrolls of fog
 t - a scroll of summoning {unknown}
 x - a scroll of amnesia {unknown}
 G - 2 scrolls of magic mapping {unknown}
 H - 2 scrolls of brand weapon {unknown}
 K - a scroll of torment {unknown}
Potions
 b - a potion of attraction {unknown}
 e - 4 potions of curing
 f - 2 potions of magic {unknown}
 h - 5 potions of haste {unknown}
 l - a potion of berserk rage {unknown}
 m - 6 potions of brilliance
 n - a potion of ambrosia {unknown}
 r - 3 potions of flight {unknown}
 s - 2 potions of lignification
 u - a potion of mutation {unknown}
 z - a potion of might {unknown}
 A - a potion of invisibility {unknown}
 C - a potion of cancellation {unknown}
 D - a potion of degeneration {unknown}
 J - a potion of heal wounds {unknown}


   Skills:
 + Level 9.8 Fighting
 + Level 10.1 Ranged Weapons
 + Level 5.6 Armour
 + Level 5.7 Dodging
 - Level 0.7 Stealth
 + Level 4.6 Invocations


You had 8 spell levels left.
You didn't know any spells.
Your spell library contained the following spells:

 Spells                   Type           Power      Damage    Failure   Level
 Apportation              Tloc           0%         N/A       52%         1
 Beastly Appendage        Tmut           0%         N/A       52%         1
 Necrotise                Necr           0%         1d4       52%         1
 Wereblood                Tmut           0%         N/A       65%         2
 Spider Form              Tmut/Pois      0%         N/A       87%         3
 Fulminant Prism          Conj/Hex       0%         3d6       99%         4
 Iskenderun's Mystic Bla  Conj/Tloc      0%         2d3       99%         4
 Leda's Liquefaction      Hex/Erth       0%         N/A       99%         4
 Lee's Rapid Deconstruct  Erth           0%         3d5*      100%        5
 Statue Form              Tmut/Erth      0%         N/A       100%        6
 Orb of Destruction       Conj           0%         9d5       100%        7
 Summon Small Mammal      Summ           Unusable   N/A       N/A         1
 Summon Guardian Golem    Hex/Summ       Unusable   N/A       N/A         3
 Spellforged Servitor     Conj/Summ      Unusable   N/A       N/A         7

Dungeon Overview and Level Annotations

Branches:
Dungeon (8/15)             Temple (1/1) D:4           Sewer (visited)
   Lair: D:8-11

Altars:
Ashenzari
Cheibriados
Dithmenos
Elyvilon
Fedhas
Gozag
Hepliaklqana
Kikubaaqudgha
Nemelex Xobeh
Okawaru
Qazlal
Ru
Sif Muna
Trog
Vehumet
Xom
Yredelemnul
The Shining One

Shops:
D:4 !

Annotations:
D:3 1 runed translucent door, Crazy Yiuf
D:6 2 runed translucent doors, qeuew's ghost, amateur MiBe


Innate Abilities, Weirdness & Mutations

You have a pair of horns on your head.
You reflexively headbutt those who attack you in melee.


Message History

You shoot a bolt. The bolt hits the death yak!
The death yak is heavily wounded.
You hear a shout!
An orc comes into view. It is wielding a +0 trident.
The death yak misses you.
You shoot a bolt. The bolt hits the death yak!
The death yak is severely wounded.
The death yak closely misses you. The death yak gores you!
You shoot a bolt. The bolt barely misses the death yak.
The bolt hits the gnoll bouda!!
You kill the gnoll bouda!
Okawaru accepts your kill.
An orc comes into view.
It is wielding a +1 hand axe of freezing.
The death yak gores you!!
You shoot a bolt. The bolt hits the death yak!
The death yak is severely wounded.
The orc barely misses you. The death yak gores you!!
The death yak closely misses you. You furiously retaliate!
You headbutt the death yak, but do no damage.
You are too injured to fight recklessly!
You are too injured to fight recklessly!
You are too injured to fight recklessly!
You are too injured to fight recklessly!
Fire: I) +0 arbalest
Press: ? - help, Q - select action, (/) - cycle Shift-Dir - straight line, f/p - death yak
Aim: a death yak (severely wounded, 83% to hit)
You shoot a bolt. The bolt hits the death yak.
The death yak is almost dead.
The gnoll is no longer moving quickly.
The death yak gores you!
* * * LOW HITPOINT WARNING * * *
Unknown command.
Fire: I) +0 arbalest
Press: ? - help, Q - select action, (/) - cycle Shift-Dir - straight line, f/p - death yak
Aim: a death yak (almost dead, 83% to hit)
You shoot a bolt. The bolt hits the death yak.
The death yak is almost dead.
The death yak gores you!
* * * LOW HITPOINT WARNING * * *
The death yak gores you!!
You die...

#......#..†.........[
####......##.#########
##...#..#..#
#.#.##.##.## #.#.
#....)##
#.#.####.#).#### #
#.....
#.##)..)#######.
#...##oo).##...##....
#..@Ygo#.).g......#
#.<###.###..)g....##
##. #.# ##......... #.
#.# #.......#. #. #.#
#####..... #. #.#
#...≈≈ #. #.# ##.≈≈≈
#. #.. #§≈≈_ #§≈§.


You could see a death yak, a gnoll and 3 orcs.

Vanquished Creatures
  A wraith (D:5)
  A steam dragon (D:6)
  A water moccasin (D:8)
  Pargi (Sewer)
  2 sky beasts
  5 ogres
  4 orc warriors
  3 black bears (D:5)
  2 ice beasts
  A phantom (D:6)
  4 bullfrogs (D:7)
  3 scorpions
  4 wights (D:6)
  3 hounds
  3 jellies
  7 orc priests
  2 gnoll boudas
  3 iguanas (D:4)
  8 orc wizards
  2 hound zombies (D:3)
  10 gnolls
  6 adders
  2 river rats (D:3)
  4 white imps
  2 ufetubi
  A worm (D:2)
  2 dart slugs
  30 orcs
  7 ball pythons
  5 bats
  4 endoplasms
  3 giant cockroaches
  8 goblins
  A hobgoblin (D:3)
  13 jackals
  2 quokkas (D:2)
  A ball python zombie (D:3)
  3 frilled lizards (Sewer)
  5 kobolds
  9 rats
178 creatures vanquished.

Vanquished Creatures (others)
  An orc (D:6)
1 creature vanquished.

Grand Total: 179 creatures vanquished

Notes
Turn   | Place    | Note
-------+----------+-------------------------------------------
     0 | D:1      | safid the Minotaur Hunter began the quest for the Orb.
     0 | D:1      | Reached XP level 1. HP: 18/18 MP: 0/0
   208 | D:1      | Reached XP level 2. HP: 26/26 MP: 1/1
   544 | D:2      | Reached skill level 5 in Ranged Weapons
   544 | D:2      | Reached XP level 3. HP: 29/31 MP: 2/2
  1380 | D:3      | Found a basalt altar of Yredelemnul.
  1384 | D:3      | Reached XP level 4. HP: 40/40 MP: 3/3
  1452 | D:3      | Found a glowing drain.
  1465 | Sewer    | Entered a sewer
  1547 | Sewer    | Noticed Pargi
  1558 | Sewer    | Killed Pargi
  1559 | Sewer    | Reached skill level 5 in Fighting
  1559 | Sewer    | Reached skill level 6 in Ranged Weapons
  1559 | Sewer    | Reached XP level 5. HP: 30/48 MP: 4/4
  1757 | D:3      | Reached XP level 6. HP: 54/56 MP: 5/5
  1940 | D:3      | Found a sacrificial altar of Ru.
  2270 | D:3      | Found a runed translucent door.
  2271 | D:3      | Noticed Crazy Yiuf
  2423 | D:4      | Found Uquczite's Distillery.
  2434 | D:4      | Bought a potion of curing for 36 gold pieces
  2434 | D:4      | Bought a potion of lignification for 36 gold pieces
  2526 | D:4      | Reached skill level 7 in Ranged Weapons
  2527 | D:4      | Found a staircase to the Ecumenical Temple.
  2533 | Temple   | Entered the Ecumenical Temple
  2550 | Temple   | Became a worshipper of Warmaster Okawaru
  2956 | D:4      | Identified the +6 falchion "Deemn" {venom, Will- Dex+6}
  3065 | D:4      | Reached XP level 7. HP: 64/64 MP: 6/6
  3335 | D:5      | Entered Level 5 of the Dungeon
  3449 | D:5      | Found a basalt altar of Yredelemnul.
  3467 | D:5      | Reached skill level 8 in Ranged Weapons
  3473 | D:5      | Reached * piety under Okawaru
  3512 | D:5      | Reached XP level 8. HP: 63/74 MP: 7/7
  3518 | D:5      | Found a white marble altar of Elyvilon.
  3540 | D:5      | Reached skill level 1 in Armour
  3540 | D:5      | Reached skill level 1 in Invocations
  3568 | D:5      | Found a snail-covered altar of Cheibriados.
  3598 | D:5      | Reached skill level 9 in Ranged Weapons
  3908 | D:5      | Reached ** piety under Okawaru
  4273 | D:6      | Reached XP level 9. HP: 60/78 MP: 10/10
  4569 | D:6      | Reached *** piety under Okawaru
  4616 | D:6      | Found a stormy altar of Qazlal.
  4694 | D:6      | Found a large runed translucent door.
  4695 | D:6      | Found a large runed translucent door.
  4699 | D:6      | Noticed qeuew's ghost (amateur MiBe)
  4784 | D:7      | Reached skill level 5 in Dodging
  4804 | D:7      | Found a shimmering blue altar of Sif Muna.
  5082 | D:7      | Reached skill level 5 in Armour
  5622 | D:8      | Reached skill level 10 in Ranged Weapons
  5653 | D:8      | Reached **** piety under Okawaru
  5683 | D:8      | Found a broken altar of Ashenzari.
  5695 | D:8      | Noticed a death yak
  5695 | D:8      | Noticed a death yak
  5734 | D:8      | Mangled by a death yak

Illustrated notes

Levels and vault maps discovered:
D:1:      dpeg_arrival_more_subterranean_lakeside_camping, layout_rooms,
          minmay_three_crescents
D:2:      layout_basic
D:3:      layout_loops_cross, nicolae_ru_path_of_blood,
          nicolae_yredelemnul_corpse_copse, portal_sewer_entry_c,
          uniq_crazy_yiuf_cottage
D:4:      layout_basic, minmay_temple_entry_purple_smoke, serial_shops, shop
D:5:      layout_basic, elyvilon_altar_5, kennysheep_path_1,
          hangedman_feature_mirror
D:6:      layout_basic, nicolae_qazlal_scattered_showers,
          ebering_ghost_disaster_area, minmay_checkerbox
D:7:      layout_cave_pods, mainiacjoe_overflow_paths,
          hangedman_abyss_or_decor_lesser_grid
D:8:      layout_rooms, lemuel_tele_altar, mainiacjoe_overflow_catwalk,
          zin_statuary, dpeg_lair_monsters, minivault_27
Temple:   hellmonk_temple_two_chambers

Skill      XL: |  1  2  3  4  5  6  7  8  9 |
---------------+----------------------------+-----
Fighting       | 3 4 5 6 8 9 |  9.8
Ranged Weapons | 5 6 7 8 9 10 | 10.1
Armour         | 3 5 |  5.6
Invocations    | 2 4 |  4.6
Dodging        | 4 5 |  5.7
Stealth        | |  0.7

Action                   |  1- 3 |  4- 6 |  7- 9 || total
-------------------------+-------+-------+-------++-------
 Fire: Shortbow          |    90 |   127 |   270 ||   487
       Arbalest          |       |       |    84 ||    84
  Use: Scroll            |       |       |     5 ||     5
Armor: Leather armour    |    15 |     1 |       ||    16
       Scale mail        |       |    22 |       ||    22
       Troll leather arm |       |     5 |    27 ||    32
Dodge: Dodged            |    34 |    48 |   105 ||   187
